 Dungeon Crawl Stone Soup version 0.29.1-4-g47bece8355 (webtiles) character file.

Game seed: 4850707172218013162

933 H0rd4k the Insei (level 8, 0/54 HPs)
             Began as an Octopode Artificer on Dec 2, 2022.
             Slain by an iguana (9 damage)
             ... on level 5 of the Dungeon.
             The game lasted 00:03:23 (5692 turns).

H0rd4k the Insei (Octopode Artificer)               Turns: 5692, Time: 00:03:23

Health: 0/54       AC:  1    Str: 11    XL:     8   Next: 11%
Magic:  13/13      EV: 13    Int: 16    God:
Gold:   327        SH:  0    Dex: 12    Spells: 14/14 levels left

rFire   . . .      SeeInvis +     - Unarmed
rCold   . . .      Faith    .   (no shield)
rNeg    . . .      Spirit   .   (helmet restricted)
rPois   .          Reflect  .   (no amulet)
rElec   .          Harm     .   n - ring of see invisible
rCorr   .          Rampage  .   (no ring)
Will    .....                   (no ring)
Stlth   +++.......              (no ring)
HPRegen 0.18/turn               (no ring)
MPRegen 0.13/turn               (no ring)
                                (no ring)
                                (no ring)

@: no status effects
A: almost no armour, amphibious, 8 rings, camouflage 1, gelatinous body 1,
(nimble swimmer 1), tentacles
a: no special abilities


You were on level 5 of the Dungeon.
You visited 2 branches of the dungeon, and saw 6 of its levels.

You collected 327 gold pieces.

Inventory:

Missiles
 l - 2 datura-tipped darts
 p - 3 poisoned darts (quivered)
Magical Staves
 s - a staff of poison
Jewellery
 n - a ring of see invisible (left tentacle)
Wands
 b - a wand of flame (15)
 c - a wand of charming (12)
 d - a wand of iceblast (4)
Scrolls
 a - a scroll of torment {unknown}
 e - a scroll of brand weapon {unknown}
 f - 4 scrolls of immolation {unknown}
 g - 2 scrolls of silence {unknown}
 o - 3 scrolls of teleportation {unknown}
 q - a scroll of butterflies {unknown}
 t - a scroll of identify {unknown}
 u - 2 scrolls of magic mapping {unknown}
 x - 2 scrolls of amnesia {unknown}
Potions
 h - 2 potions of degeneration {unknown}
 i - a potion of flight {unknown}
 j - a potion of mutation {unknown}
 k - 2 potions of lignification {unknown}
 m - 2 potions of resistance {unknown}
 r - a potion of heal wounds {unknown}
 v - 2 potions of might {unknown}
 w - 2 potions of curing {unknown}
 z - a potion of magic {unknown}


   Skills:
 * Level 4.1 Fighting
 + Level 1.1 Throwing
 - Level 2.3 Dodging
 - Level 1.3 Stealth
 + Level 6.5 Unarmed Combat
 * Level 3.5 Spellcasting
 - Level 3.2 Evocations


You had 14 spell levels left.
You didn't know any spells.
Your spell library contained the following spells:

 Spells                   Type           Power      Damage    Failure   Level
 Confusing Touch          Hex            2%         N/A       47%         3
 Conjure Flame            Conj/Fire      2%         6-21      47%         3
 Ignite Poison            Fire/Tmut/Pois 2%         N/A       47%         3
 Hailstorm                Conj/Ice       2%         3d3       87%         4
 Ice Form                 Ice/Tmut       2%         N/A       87%         4
 Sticky Flame             Conj/Fire      2%         2d3       87%         4
 Yara's Violent Unravell  Hex/Tmut       1%         3d3       99%         5
 Simulacrum               Ice/Necr       1%         N/A       100%        6
 Enfeeble                 Hex            1%         N/A       100%        7


Dungeon Overview and Level Annotations

Branches:
Dungeon (5/15)             Temple (1/1) D:4

Altars:
Ashenzari
Cheibriados
Dithmenos
Elyvilon
Kikubaaqudgha
Nemelex Xobeh
Okawaru
Qazlal
Ru
Sif Muna
Vehumet
Wu Jian
Xom
Yredelemnul
Zin


Innate Abilities, Weirdness & Mutations

You cannot wear most types of armour.
You are amphibious.
You can wear up to eight rings at the same time.
Your skin changes colour to match your surroundings (Stealth+).
Your rubbery body absorbs attacks. (AC +1, EV +1)
((You are camouflaged when in or above water. (Stealth+)))
You have tentacles for arms and can constrict up to eight enemies at once.


Message History

You tentacle-slap the hound. Your grab misses the hound.
Your squeeze misses the hound.
The hound is moderately wounded.
The hound barely misses you.
You tentacle-slap the hound but do no damage.
Your grab misses the hound.
The hound is moderately wounded.
The hound barely misses you.
You barely miss the hound. Your grab misses the hound.
Your tentacle-slap misses the hound.
Your squeeze misses the hound.
The hound is moderately wounded.
The hound bites you. The hound closely misses you.
You tentacle-slap the hound. You grab the hound.
The hound is severely wounded.
You constrict the hound. The hound bites you.
You tentacle-slap the hound but do no damage.
The hound is severely wounded.
You constrict the hound. The hound misses you.
You tentacle-slap the hound.
You kill the hound!
You closely miss the iguana. Your grab misses the iguana.
Your squeeze misses the iguana.
You tentacle-slap the iguana but do no damage.
You grab the iguana.
You squeeze the iguana, but do no damage.
You constrict the iguana, but do no damage.
The iguana bites you!
You tentacle-slap the iguana.
The iguana is moderately wounded.
You constrict the iguana. The iguana bites you!
You tentacle-slap the iguana but do no damage.
The iguana is moderately wounded.
You constrict the iguana. The iguana bites you!
* * * LOW HITPOINT WARNING * * *
You tentacle-slap the iguana.
You squeeze the iguana, but do no damage.
The iguana is heavily wounded.
You constrict the iguana, but do no damage.
The iguana bites you!
You die...

..####.# .... ...
#.#....###.#... ....
#..........#...## ....#
###..#..#...#.... ##....#
#......#...#.... .....#
##..##......# #..##....#
...###.....## #........##
...#........#####l.......#
................@#....##..
.............[...........
..##.........#..#.##...#..
..#####.....####### ...# .
....###......## ...#
..#..##..#....# .....
.###..#...#...# ##.
###.......##..#
.#........# #...


You could see an iguana.

Vanquished Creatures
  2 black bears
  2 ogres (D:4)
  A phantom (D:4)
  A scorpion (D:5)
  2 hounds
  An orc priest (D:3)
  5 iguanas
  2 adders (D:4)
  2 ufetubi
  A worm (D:3)
  3 dart slugs
  6 orcs (D:3)
  5 ball pythons
  5 endoplasms
  3 giant cockroaches
  12 goblins
  3 hobgoblins (D:1)
  2 jackals (D:4)
  7 kobolds
  5 quokkas
  2 bats
  5 frilled lizards
  7 rats
84 creatures vanquished.

Vanquished Creatures (collateral kills)
  Edmund (D:4)
  A jelly (D:5)
  A kobold (D:4)
3 creatures vanquished.

Vanquished Creatures (others)
  A scorpion (D:5)
1 creature vanquished.

Grand Total: 88 creatures vanquished

Notes
Turn   | Place    | Note
-------+----------+-------------------------------------------
     0 | D:1      | H0rd4k the Octopode Artificer began the quest for the Orb.
     0 | D:1      | Reached XP level 1. HP: 13/13 MP: 1/1
   244 | D:1      | Reached XP level 2. HP: 13/18 MP: 1/3
   257 | D:1      | Reached skill level 1 in Spellcasting
   800 | D:1      | Found a faded altar of an unknown god.
   809 | D:1      | Reached XP level 3. HP: 24/24 MP: 4/4
  1186 | D:2      | Reached skill level 1 in Unarmed Combat
  2170 | D:3      | Reached skill level 2 in Unarmed Combat
  2170 | D:3      | Reached XP level 4. HP: 23/30 MP: 6/6
  3010 | D:4      | Found a sparkling altar of Nemelex Xobeh.
  3020 | D:4      | Reached XP level 5. HP: 3/35 MP: 6/8
  3387 | D:4      | Reached skill level 3 in Unarmed Combat
  3948 | D:4      | Noticed an ogre
  3957 | D:4      | Killed an ogre
  3958 | D:4      | Reached skill level 4 in Unarmed Combat
  3958 | D:4      | Reached XP level 6. HP: 9/42 MP: 9/9
  4244 | D:4      | Noticed a black bear
  4248 | D:4      | Noticed Edmund
  4259 | D:4      | Killed Edmund
  4278 | D:4      | Killed a black bear
  4279 | D:4      | Reached skill level 5 in Unarmed Combat
  4279 | D:4      | Reached XP level 7. HP: 42/46 MP: 11/11
  5061 | D:4      | Found a staircase to the Ecumenical Temple.
  5079 | Temple   | Entered the Ecumenical Temple
  5282 | D:5      | Entered Level 5 of the Dungeon
  5304 | D:5      | Reached skill level 6 in Unarmed Combat
  5592 | D:5      | Reached skill level 1 in Throwing
  5592 | D:5      | Reached XP level 8. HP: 51/54 MP: 13/13
  5612 | D:5      | Found a snail-covered altar of Cheibriados.
  5692 | D:5      | Slain by an iguana

Illustrated notes

Levels and vault maps discovered:
D:1:      beargit_arrival_greenhouse, layout_loops_cross,
          shapermc_ecumenical_altar_mp_ritualfount, minmay_tall_x
D:2:      layout_basic
D:3:      layout_rooms, st_stairs_12
D:4:      layout_gridville, lemuel_round_altar, temple_pool_b, uniq_edmund
D:5:      layout_cave_pools, minitemple
Temple:   nicolae_temple_ecumenical_triangle

Skill      XL: |  1  2  3  4  5  6  7  8 |
---------------+-------------------------+-----
Spellcasting   | 1 2 3 |  3.5
Fighting       | 2 3 4 |  4.1
Unarmed Combat | 2 4 5 6 |  6.5
Throwing       | 1 |  1.1
Dodging        | |  2.3
Stealth        | |  1.3
Evocations     | |  3.2

Action                   |  1- 3 |  4- 6 |  7- 9 || total
-------------------------+-------+-------+-------++-------
Melee: Unarmed           |   104 |    77 |    65 ||   246
       Constrict         |    23 |    19 |    10 ||    52
       Tentacles         |    19 |    19 |    13 ||    51
       Punch             |       |     5 |     2 ||     7
Throw: Dart              |       |     8 |     4 ||    12
Evoke: Wand              |       |     3 |     1 ||     4
 Stab: Sleeping          |     9 |     3 |     2 ||    14
Armor: Skin              |    10 |     3 |     4 ||    17
Dodge: Dodged            |    61 |    49 |    38 ||   148
